 Dungeon Crawl Stone Soup version 0.23.0 (webtiles) character file.

Game seed: 1191303890033125179

134 vishdafish the Skirmisher (level 5, -2/57 HPs)
             Began as an Ogre Fighter on Feb 17, 2019.
             Slain by an adder (3 damage)
             ... on level 2 of the Dungeon.
             The game lasted 00:03:33 (1348 turns).

vishdafish the Skirmisher (Ogre Fighter)            Turns: 1348, Time: 00:03:34

Health: -2/57      AC:  3    Str: 25    XL:     5   Next: 17%
Magic:  5/5        EV:  8    Int: 10    God:
Gold:   96         SH:  9    Dex:  8    Spells: 4/4 levels left

rFire    + . .     SeeInvis .   a - +0 flail
rCold    + . .     Gourm    .   c - +0 shield
rNeg     . . .     Faith    .   b - +0 robe
rPois    +         Spirit   .   (helmet restricted)
rElec    +         Reflect  .   (no cloak)
rCorr    +         Harm     .   (gloves unavailable)
MR       .....                  (boots unavailable)
Stlth    +.........             (no amulet)
HPRegen  0.19/turn              (no ring)
MPRegen  0.09/turn              (no ring)

@: mighty, resistant
A: large, unfitting armour, tough skin 1
a: no special abilities


You were on level 2 of the Dungeon.
You were hungry.

You visited 1 branch of the dungeon, and saw 3 of its levels.

You collected 96 gold pieces.

Inventory:

Hand Weapons
 a - a +0 flail (weapon)
Armour
 b - a +0 robe (worn)
 c - a +0 shield (worn)
Scrolls
 i - a scroll of magic mapping {unknown}
 j - a scroll of noise {unknown}
 k - a scroll of remove curse {unknown}
 n - 3 scrolls of teleportation {unknown}
Potions
 l - a potion of heal wounds {unknown}
 m - a potion of ambrosia {unknown}
Comestibles
 f - 3 rations


   Skills:
 + Level 5.1 Fighting
 * Level 3.5 Maces & Flails
 - Level 2.7 Dodging
 + Level 3.4 Shields


You had 4 spell levels left.
You didn't know any spells.
Your spell library was empty.

Dungeon Overview and Level Annotations

Branches:
Dungeon (3/15)

Altars:
Uskayaw


Innate Abilities, Weirdness & Mutations

You are too large for most types of armour.
You have tough skin. (AC +1)


Message History

The giant cockroach bites you but does no damage.
Natasha claws you.
* * * LOW HITPOINT WARNING * * *
You block the adder's attack.
Okay, then.
You hit Natasha.
Natasha is heavily wounded.
You block the leopard gecko's attack.
The giant cockroach bites you but does no damage.
You block the adder's attack. Natasha barely misses you.
You sock Natasha!
You kill Natasha!
You feel Natasha's spirit has finally been put to rest.
You have reached level 5!
You block the leopard gecko's attack. The adder bites you.
* * * LOW HITPOINT WARNING * * *
You block the giant cockroach's attack.
The leopard gecko bites you but does no damage.
The adder bites you.
You die...

..... #...............K
...# ................
.... ....>..........
.#######............#
....................#
........###.......K.#
..#####.........g...##.#
.......†...†...sSl$....#
####..#........#@#.###.
##.#.........(†.#
#.#........#..(...
#..#####.#####.(....
##.#####.# ....(.
######.....#.# ......
........##...# .....
###...##.# .## .....
#8....8#...


You could see an adder, a leopard gecko, a giant cockroach, a goblin and a
kobold.

Vanquished Creatures
  Natasha (thrice) (D:2)
  An adder (D:2)
  3 worms (D:2)
  A dart slug (D:1)
  A ball python (D:1)
  2 giant cockroaches (D:1)
  5 goblins
  3 hobgoblins
  6 jackals (D:3)
  5 bats
  5 frilled lizards
  3 kobolds
  6 rats
44 creatures vanquished.

Notes
Turn   | Place    | Note
-------+----------+-------------------------------------------
     0 | D:1      | vishdafish the Ogre Fighter began the quest for the Orb.
     0 | D:1      | Reached XP level 1. HP: 24/24 MP: 1/1
   232 | D:1      | Reached XP level 2. HP: 26/32 MP: 2/2
   600 | D:2      | Noticed Natasha
   603 | D:2      | Noticed a crimson imp
   623 | D:3      | Reached XP level 3. HP: 12/40 MP: 3/3
  1006 | D:2      | Killed Natasha
  1006 | D:2      | Reached XP level 4. HP: 40/49 MP: 4/4
  1047 | D:2      | Found a hide-covered altar of Uskayaw.
  1328 | D:2      | Noticed Natasha
  1333 | D:2      | Killed Natasha
  1333 | D:2      | Reached skill level 5 in Fighting
  1334 | D:2      | Noticed Natasha
  1344 | D:2      | HP: 1/50 [Natasha (9)]
  1348 | D:2      | Killed Natasha
  1348 | D:2      | Reached XP level 5. HP: 4/57 MP: 5/5
  1348 | D:2      | Slain by an adder

Skill      XL: |  1  2  3  4 |
---------------+-------------+-----
Maces & Flails | 2 3 |  3.5
Shields        | 3 |  3.4
Fighting       | 5 |  5.1
Dodging        | |  2.7

Action                   |  1- 3 |  4- 6 || total
-------------------------+-------+-------++-------
Melee: Flail             |   121 |    30 ||   151
Throw: Large rock        |     1 |    13 ||    14
  Use: Potion            |       |     3 ||     3
  Eat: Chunk             |       |     1 ||     1
Armor: Robe              |    40 |    10 ||    50
Dodge: Dodged            |    45 |    25 ||    70
Block: Shield            |    54 |    22 ||    76
